 Dungeon Crawl Stone Soup version 0.30-a0-272-gf98c3da03f (webtiles) character file.

Game seed: 1189858896022036780

3403 lunkers the Spear-Bearer (level 10, 0/84 HPs)
             Began as a Meteoran Wanderer on Oct 16, 2022.
             Was an Initiate of Yredelemnul.
             Slain by a troll (10 damage)
             ... on level 9 of the Dungeon.
             The game lasted 00:09:21 (3163 turns).

lunkers the Spear-Bearer (Meteoran Wanderer)        Turns: 3163, Time: 00:09:22

Health: 0/84       AC: 13    Str: 11    XL:     10   Next: 48%
Magic:  15/15      EV: 16    Int: 13    God:    Yredelemnul [......]
Gold:   241        SH:  6    Dex: 18    Spells: 10/11 levels left

rFire   + . .      SeeInvis .    a - +2 trident (freeze)
rCold   . . .      Faith    .    e - +0 buckler {AC+3}
rNeg    + + +      Spirit   .    p - +1 robe {Will+}
rPois   +          Reflect  .    u - +0 helmet of the Forest {rF+ rN+++ Str-4}
rElec   .          Harm     .    I - +0 cloak
rCorr   .          Rampage  .    f - +0 pair of gloves
Will    ++...                    (no boots)
Stlth   +.........               (no amulet)
HPRegen 0.34/turn                g - +4 ring of protection
MPRegen 0.14/turn                r - ring of poison resistance

@: glowing
A: sense surroundings 2, otherworldly, glowing, explore regen
a: Renounce Religion, Recall Undead Harvest


You were on level 9 of the Dungeon.
You worshipped Yredelemnul.
Yredelemnul was noncommittal.
You visited 1 branch of the dungeon, and saw 9 of its levels.

You collected 241 gold pieces.

Inventory:

Hand Weapons
 a - a +2 trident of freezing (weapon)
 j - a +0 dagger
 n - a +0 trident
 y - a +4 dagger
 H - a +0 glaive
Armour
 e - a +0 buckler of protection (worn)
 f - a +0 pair of gloves (worn)
 p - a +1 robe of willpower (worn)
 u - the +0 helmet of the Forest (worn) {rF+ rN+++ Str-4}
   (You found it on level 3 of the Dungeon)

   Str:       It affects your strength (-4).
   rF:        It protects you from fire.
   rN:        It renders you almost immune to negative energy.
 G - the +2 robe of Courage {Contam Str+4 Int+4}
   (You found it on level 6 of the Dungeon)

   Str:       It affects your strength (+4).
   Int:       It affects your intelligence (+4).
   Contam:    It causes magical contamination when unequipped.
 I - a +0 cloak (worn)
Jewellery
 g - a +4 ring of protection (left hand)
 r - a ring of poison resistance (right hand)
Wands
 b - a wand of flame (1)
 C - a wand of roots (5)
 E - a wand of digging (6)
 F - a wand of light (10)
Scrolls
 m - a scroll of brand weapon {unknown}
 q - a scroll of enchant armour {unknown}
 s - a scroll of poison {unknown}
 t - a scroll of blinking
 v - a scroll of fear {unknown}
 x - a scroll of amnesia {unknown}
 A - a scroll of enchant weapon {unknown}
 J - a scroll of teleportation {unknown}
Potions
 c - 4 potions of curing
 h - a potion of cancellation {unknown}
 i - 3 potions of invisibility
 k - a potion of brilliance {unknown}
 l - 2 potions of mutation
 o - a potion of might {unknown}
 w - 3 potions of resistance
 z - 2 potions of flight {unknown}
 B - a potion of magic {unknown}
 D - a potion of heal wounds {unknown}


   Skills:
 + Level 6.4 Fighting
 - Level 3.0 Short Blades
 - Level 10.0 Polearms
 - Level 1.2 Armour
 + Level 7.1 Dodging
 - Level 4.8 Shields
 - Level 1.3 Spellcasting
 - Level 1.1 Necromancy
 + Level 5.8 Invocations
 - Level 6.0 Evocations


You had 10 spell levels left.
You knew the following spells:

 Your Spells              Type           Power      Damage    Failure   Level
p - Kiss of Death         Conj/Necr      8%         2d6       28%         1

Your spell library contained the following spells:

 Spells                   Type           Power      Damage    Failure   Level
 Sublimation of Blood     Necr           3%         N/A       32%         2
 Wereblood                Tmut           0%         N/A       45%         2
 Vampiric Draining        Necr           3%         2d6       54%         3
 Summon Forest            Summ/Tloc      0%         N/A       100%        5
 Eringya's Noxious Bog    Tmut/Pois      0%         N/A       100%        6
 Summon Hydra             Summ           0%         N/A       100%        7


Dungeon Overview and Level Annotations

Branches:
Dungeon (9/15) Zot: 2300
 Temple: D:4-7         Lair: D:8-11         Orc: D:9-12

Altars:
Ashenzari
Uskayaw
Yredelemnul
Zin

Shops:
D:1 *   D:5 *


Innate Abilities, Weirdness & Mutations

You passively map the area around you.
You are easily found by Zot.
You glow in the dark.
You regain HP and MP as you explore.


Message History

The troll claws you but does no damage. The troll claws you.
* * * LOW HITPOINT WARNING * * *
Reach: a) +2 trident (freeze)
Press: ? - help, Dir - move target, f - troll
Aim: a troll (about 30% to evade your +2 trident of freezing)
You hit the troll. You freeze the troll.
The troll is lightly wounded.
The troll bites you!
* * * LOW HITPOINT WARNING * * *
The troll claws you.
* * * LOW HITPOINT WARNING * * *
You block the troll's attack.
Aiming: Bolt of Light
Press: ? - help, Shift-Dir - straight line, f - centaur, p - troll
Aim: a centaur, wielding a +0 shortbow (moderately wounded, 84% to hit)
The bolt of light hits the troll!
The troll is heavily wounded.
The troll is blinded.
The bolt of light hits the centaur!!
You kill the centaur!
The troll closely misses you. The troll barely misses you. The troll claws you!
* * * LOW HITPOINT WARNING * * *
Reach: a) +2 trident (freeze)
Press: ? - help, Dir - move target, f - troll
Aim: a troll (heavily wounded, blind, about 30% to evade your +2 trident of freezing)
You catch the helpless troll completely off-guard!
You hit the troll. You freeze the troll.
The troll is heavily wounded.
The troll barely misses you. The troll claws you.
* * * LOW HITPOINT WARNING * * *
The troll misses you.
Reach: a) +2 trident (freeze)
Press: ? - help, Dir - move target, f/p - troll
Aim: a troll (heavily wounded, blind, about 30% to evade your +2 trident of freezing)
You hit the troll. You freeze the troll.
The troll is severely wounded.
The troll bites you!
* * * LOW HITPOINT WARNING * * *
The troll claws you!
You die...
Your body rises from the dead as a mindless zombie.

* ########### ,
,
##....<....###.
#^.............
#..####...>###.
* ##..#......##
* #.@.#.##.###
, #T######## *
, #)#~S * #.#~♣
** * * #.#~♣.♣
, #.'..♣ * , ,
###~♣)♣, , , ~♣
~** ~~ ~ ~ ,,


You could see a troll (blind).

Vanquished Creatures
  Sigmund (D:2)
  Eustachio (D:5)
  3 yaks (D:8)
  A steam dragon (D:8)
  Duvessa (D:7)
  A water moccasin (D:8)
  An orc warrior (D:7)
  2 ice beasts
  3 sky beasts
  A black bear (D:3)
  An ogre (D:5)
  4 centaurs
  2 phantoms
  A kobold brigand (D:8)
  4 bullfrogs
  A scorpion (D:5)
  Dowan (D:7)
  Crazy Yiuf (D:7)
  A gnoll bouda (D:6)
  6 orc priests
  5 iguanas
  An orc wizard (D:7)
  3 gnolls (D:6)
  5 adders
  A worm (D:2)
  A dart slug (D:2)
  21 orcs
  4 endoplasms
  2 giant cockroaches (D:3)
  8 goblins
  3 hobgoblins
  3 jackals (D:5)
  A quokka (D:1)
  3 ball pythons
  4 bats
  4 frilled lizards
  6 kobolds
  A rat (D:1)
113 creatures vanquished.

Vanquished Creatures (collateral kills)
  A black bear (D:6)
  An orc priest (D:8)
  An orc wizard (D:8)
  2 gnolls
  5 orcs
  3 bats (D:1)
  An endoplasm (D:1)
  2 giant cockroaches
  A hobgoblin (D:1)
  2 ball pythons (D:1)
  A frilled lizard (D:1)
20 creatures vanquished.

Vanquished Creatures (others)
  A water moccasin zombie (D:8)
  A centaur zombie (D:8)
  A bullfrog zombie (D:7)
  An ice beast zombie (D:7)
  A sky beast zombie (D:7)
  A bat zombie (D:3)
  4 gnoll zombies (D:6)
  A kobold zombie (D:8)
  12 orc zombies
  2 plants (D:1)
25 creatures vanquished.

Grand Total: 158 creatures vanquished

Notes
Turn   | Place    | Note
-------+----------+-------------------------------------------
     0 | D:1      | lunkers the Meteoran Wanderer began the quest for the Orb.
     0 | D:1      | lunkers set off with the following items: a +0 dagger, a
                  | wand of flame (6), a potion of curing, a +0 robe, a +0
                  | buckler of protection; and the following spell memorised:
                  | Kiss of Death; and the following spells available to
                  | memorise: Vampiric Draining.
     0 | D:1      | Reached XP level 1. HP: 14/14 MP: 3/3
    69 | D:1      | Found a faded altar of an unknown god.
    72 | D:1      | Prayed at the altar of an unknown god.
    72 | D:1      | Became a worshipper of Yredelemnul the Dark
    72 | D:1      | Reached * piety under Yredelemnul
   125 | D:1      | Reached skill level 1 in Short Blades
   129 | D:1      | Reached XP level 2. HP: 12/20 MP: 5/5
   212 | D:1      | Reached ** piety under Yredelemnul
   212 | D:1      | Reached XP level 3. HP: 17/26 MP: 6/6
   413 | D:1      | Reached *** piety under Yredelemnul
   431 | D:1      | Found Meymaah's General Store.
   509 | D:2      | Noticed Sigmund
   515 | D:2      | Killed Sigmund
   516 | D:2      | Reached skill level 5 in Polearms
   516 | D:2      | Reached XP level 4. HP: 13/33 MP: 7/7
   516 | D:2      | Reached XP level 5. HP: 15/38 MP: 8/8
   516 | D:2      | Reached XP level 6. HP: 18/45 MP: 9/9
   851 | D:3      | Identified the +0 helmet of the Forest {rF+ rN+++ Str-4}
   998 | D:4      | Noticed a black bear
  1029 | D:3      | Killed a black bear
  1030 | D:3      | Reached skill level 6 in Polearms
  1030 | D:3      | Reached XP level 7. HP: 24/50 MP: 10/10
  1088 | D:4      | Reached skill level 7 in Polearms
  1132 | D:4      | You fall into a shaft and drop 3 floors!
  1287 | D:6      | Reached skill level 8 in Polearms
  1305 | D:6      | Reached XP level 8. HP: 44/57 MP: 11/11
  1348 | D:5      | Entered Level 5 of the Dungeon
  1377 | D:5      | Noticed Eustachio
  1405 | D:5      | Killed Eustachio
  1406 | D:5      | Reached skill level 9 in Polearms
  1417 | D:5      | Found Zin's Purification Station.
  1421 | D:5      | Found a glowing silver altar of Zin.
  1476 | D:5      | Noticed a +0 dagger
  1488 | D:5      | Found a hide-covered altar of Uskayaw.
  1488 | D:5      | Noticed a +0 hand axe
  1495 | D:5      | Reached skill level 10 in Polearms
  1676 | D:4      | Reached skill level 1 in Fighting
  1704 | D:4      | Found a broken altar of Ashenzari.
  1903 | D:6      | Gained mutation: You passively map the area around you.
                  | [Meteoran growth]
  1903 | D:6      | Reached XP level 9. HP: 46/68 MP: 12/12
  1952 | D:6      | Identified the +2 robe of Courage {Contam Str+4 Int+4}
  2060 | D:7      | Noticed Dowan
  2060 | D:7      | Noticed Duvessa
  2068 | D:7      | Killed Duvessa
  2069 | D:7      | Reached skill level 1 in Invocations
  2071 | D:7      | Killed Dowan
  2173 | D:7      | Reached skill level 5 in Dodging
  2332 | D:7      | Reached skill level 5 in Evocations
  2387 | D:7      | Found a runed translucent door.
  2388 | D:7      | Noticed Crazy Yiuf
  2403 | D:7      | Killed Crazy Yiuf
  2530 | D:8      | Reached skill level 5 in Fighting
  2530 | D:8      | Reached XP level 10. HP: 81/81 MP: 13/13
  2729 | D:8      | Reached skill level 5 in Invocations
  3163 | D:9      | Slain by a troll

Illustrated notes

Levels and vault maps discovered:
D:1:      psy_arrival_conway, layout_loops_ring, serial_shops, shop,
          shapermc_ecumenical_altar_mp_urbaneastern, st_stairs_9
D:2:      layout_loops_corners, uniq_sigmund, uniq_jessica
D:3:      layout_rooms, uniq_ijyb
D:4:      layout_rooms, gammafunk_temple_overflow_claw, lemuel_doored_altar,
          minmay_temple_entry_nine_rooms, kennysheep_small_square
D:5:      layout_basic, kennysheep_little_box, zin_purify,
          mainiacjoe_overflow_paths, dancing_weapons_uskayaw, uniq_eustachio
D:6:      layout_layer_cave, corexii_checkpoint_b
D:7:      nicolae_cairo_tiling_large, layout_loops_ring,
          minmay_misc_feat_ornament, hangedman_abyss_or_decor_stagger,
          uniq_duvessa, uniq_crazy_yiuf_cottage
D:8:      layout_layer_cave
D:9:      layout_loops_cross, nicolae_gozag_cash_rules_everything_around_me,
          kennysheep_mini_moat, biasface_ghost_orc_armoury, enter_bailey_5,
          kennysheep_generic_room_9

Skill      XL: |  1  2  3  4  5  6  7  8  9 10 |
---------------+-------------------------------+-----
Short Blades   | 1 2 3 |  3.0
Polearms       | 5 6 8 10 | 10.0
Fighting       | 2 5 6 |  6.4
Dodging        | 3 5 7 |  7.1
Invocations    | 3 5 |  5.8
Evocations     | 5 6 |  6.0
Armour         | |  1.2
Shields        | |  4.8
Spellcasting   | |  1.3
Necromancy     | |  1.1

Action                   |  1- 3 |  4- 6 |  7- 9 | 10-12 || total
-------------------------+-------+-------+-------+-------++-------
Melee: Dagger            |    41 |       |       |       ||    41
       Trident           |     8 |    77 |   420 |    83 ||   588
Evoke: Wand              |     5 |       |       |     1 ||     6
  Use: Potion            |     1 |       |       |       ||     1
       Scroll            |       |       |     5 |     1 ||     6
 Stab: Distracted        |       |       |     2 |     1 ||     3
       Invisible         |       |       |       |     1 ||     1
Armor: Robe              |    17 |    39 |   130 |    20 ||   206
Dodge: Dodged            |    24 |    27 |   117 |    40 ||   208
Block: Buckler           |    16 |    17 |    87 |    13 ||   133

Table legend: (Time is in decaauts)
 A = Elapsed time spent in this place.
 B = Non-inter-level travel time spent in this place.
 C = Inter-level travel time spent in this place.
 D = Time resting spent in this place.
 E = Time spent auto-exploring this place.
 F = Levels seen in this place.
 G = Mean time per level.
                   A        B        C        D        E       F      G
               +--------+--------+--------+--------+--------+-----+--------+
         Total |   3098 |   2922 |    176 |      0 |   1720 |   9 |  344.2 |
       Dungeon |   3098 |   2922 |    176 |      0 |   1720 |   9 |  344.2 |
               +--------+--------+--------+--------+--------+-----+--------+

Top non-repeatable levels by time:
     D:8: 596 daAuts
     D:1: 477 daAuts
     D:7: 477 daAuts
     D:6: 346 daAuts
     D:5: 342 daAuts
     D:2: 342 daAuts
     D:4: 272 daAuts
     D:3: 210 daAuts
     D:9: 32 daAuts
